Predators vs Flames

Created - Thursday, March 10, 2016 at 03:39

Goals
1 2 3 OT1 SO T
Predators 1 0 2 0 1 4
Flames 1 1 1 0 0 3
Shots
1 2 3 OT1 SO T
Predators 13 7 10 0 3 30
Flames 8 14 4 3 3 29

1st period

1. Predators , Tomas Plekanec 28 (Daniel Sedin, Eric Fehr) at 4:31
2. Flames , Antoine Vermette 16 (Brian Gionta, Ryan Murray) at 14:03

Penalties :
Eric Fehr (Nsh) for Roughing (Double Minor) at 9:45

2nd period

3. Flames , Shane Doan 13 (Kris Russell, Dougie Hamilton) at 7:06

Penalties :
TJ Brodie (Cal) for Hooking (Minor) at 7:24, Ryan Murray (Cal) for Hooking (Minor) at 15:16, Cal Clutterbuck (Nsh) for Hooking (Minor) at 18:20

3rd period

4. Predators , Evander Kane 28 (Zemgus Girgensons) at 5:11
5. Flames , Chris Kunitz 12 (Jason Spezza) at 13:08
6. Predators , Evander Kane 29 (Zemgus Girgensons) at 18:41

Penalties :
Dougie Hamilton (Cal) for Interference (Minor) at 1:46, Erik Cole (Cal) for Hooking (Minor) at 6:39, Ryan Murray (Cal) for Tripping (Minor) at 9:47, Matt Niskanen (Nsh) for Hooking (Minor) at 15:17

Overtime #1

No Goal

Penalties :
No Penalty

Shootout

Penalty Shot by Patrice Bergeron for Predators - Goal!
Penalty Shot by Chris Kunitz for Flames - Stopped by Roberto Luongo
Penalty Shot by Zemgus Girgensons for Predators - Stopped by Antti Niemi
Penalty Shot by Sean Monahan for Flames - Stopped by Roberto Luongo
Penalty Shot by Eric Fehr for Predators - Shot Misses the Net
Penalty Shot by Jason Pominville for Flames - Stopped by Roberto Luongo

Penalties :
No Penalty

Goalie Stats

Roberto Luongo (Nsh), 26 saves from 29 shots - (0.897), W, 38-15-2, 64:52 minutes
Antti Niemi (Cal), 27 saves from 30 shots - (0.900), OTL, 34-8-6, 65:00 minutes

Players Stats for Predators

Player Name              G  A  P  +/- PIM S  H  SB GA TA FO     MP     PP MP  PK MP  
------------------------------------------------------------------------------------
Andrew Cogliano          0  0  0   2  0   0  0  1  3  2  2/2    14:50   0:00   3:35 
Cal Clutterbuck          0  0  0  -1  2   1  0  1  0  0  0/0    11:28   0:00   2:10 
Dan Boyle                0  0  0   2  0   0  1  0  0  1  0/0    16:42   5:07   0:00 
Daniel Sedin             0  1  1  -1  0   1  0  0  3  0  0/0    19:51   5:26   1:06 
Danny DeKeyser           0  0  0   0  0   0  0  3  0  0  0/0    15:36   0:00   1:01 
Eric Fehr                0  1  1  -1  4   1  0  0  0  0  0/0    11:33   0:00   1:34 
Evander Kane             2  0  2   2  0   7  4  1  2  0  0/0    15:01   4:29   0:00 
Marcus Kruger            0  0  0  -1  0   3  1  0  1  0  2/5    12:35   0:00   3:16 
Matt Niskanen            0  0  0  -1  2   4  3  1  1  1  0/0    28:21   5:07   3:02 
Nick Schultz             0  0  0   2  0   2  1  1  0  2  0/0    15:03   0:00   3:54 
Nikolay Kulemin          0  0  0   0  0   1  0  0  0  0  0/1    10:49   0:00   0:00 
Patrice Bergeron         0  0  0   0  0   1  1  0  3  1  8/16   19:06   4:29   0:57 
Roman Josi               0  0  0  -2  0   0  1  1  0  1  0/0    29:50   4:48   4:03 
Tomas Hertl              0  0  0  -2  0   3  1  1  3  0  0/1    11:10   0:00   0:48 
Tomas Plekanec           1  0  1   0  0   1  2  3  1  0  3/12   21:08   5:26   2:28 
Trevor Daley             0  0  0  -1  0   0  2  4  1  0  0/0    24:28   4:48   3:54 
Valtteri Filppula        0  0  0   0  0   2  4  0  6  0  0/0    19:28   5:26   0:00 
Zemgus Girgensons        0  2  2   2  0   3  2  0  1  2  6/10   15:01   4:29   0:00 

Players Stats for Flames

Player Name              G  A  P  +/- PIM S  H  SB GA TA FO     MP     PP MP  PK MP  
------------------------------------------------------------------------------------
Antoine Vermette         1  0  1   2  0   2  0  1  2  1  5/6    14:29   0:00   4:48 
Brian Campbell           0  0  0   1  0   1  0  1  0  1  0/0    23:33   3:36   3:47 
Brian Gionta             0  1  1   2  0   1  1  0  0  0  0/1    14:29   0:00   4:48 
Chris Kunitz             1  0  1  -1  0   2  3  0  3  0  0/1    11:40   0:00   0:00 
David Savard             0  0  0   1  0   0  2  3  0  4  0/0    19:52   0:00   6:08 
Dougie Hamilton          0  1  1   0  2   1  2  1  0  2  0/0    24:03   3:36   1:18 
Erik Cole                0  0  0  -1  2   1  1  2  1  0  0/1    11:17   0:00   0:30 
Henrik Sedin             0  0  0   0  0   1  0  0  1  1  9/17   17:33   0:00   5:07 
Jaden Schwartz           0  0  0   0  0   3  0  0  1  0  0/0    15:55   3:55   0:00 
Jason Pominville         0  0  0  -1  0   4  2  1  1  0  0/0    14:58   3:55   0:00 
Jason Spezza             0  1  1  -1  0   1  0  0  2  0  8/12   15:13   3:55   0:00 
Johnny Gaudreau          0  0  0  -1  0   1  0  0  7  1  0/0    16:53   4:02   0:00 
Kris Russell             0  1  1   0  0   1  0  5  0  4  0/0    18:12   0:00   3:47 
Martin St. Louis         0  0  0   0  0   1  2  0  3  0  0/2    13:42   4:02   0:00 
Ryan Murray              0  1  1  -1  4   4  2  1  2  0  0/0    18:11   4:21   0:00 
Sean Monahan             0  0  0  -1  0   1  0  0  0  0  4/7    16:53   4:02   0:00 
Shane Doan               1  0  1   2  0   1  4  0  0  1  0/0    15:35   0:00   4:37 
TJ Brodie                0  0  0  -1  2   3  2  0  0  4  0/0    27:32   4:21   4:50 

3 Stars

1 - Evander Kane (Nsh)
2 - Shane Doan (Cal)
3 - Zemgus Girgensons (Nsh)

Power Play

Predators - 0 on 5 Attempt(s) - 0.00%
Flames - 0 on 4 Attempt(s) - 0.00%

Penalty Kill

Predators - 4 on 4 Attempt(s) - 100.00% - Score 0 goal in Penalty Kill
Flames - 5 on 5 Attempt(s) - 100.00% - Score 0 goal in Penalty Kill

Team Stat

Predators - Hits : 23 - Faceoff Wins : 21 - Blocked Shots : 17 - Penalty Minutes : 8
Flames - Hits : 21 - Faceoff Wins : 26 - Blocked Shots : 15 - Penalty Minutes : 10

Official

Referees : Unknown
Linesman : Unknown

Game Notes

No Game Note

Finance

Level 1 -- Attendance: 6000 (100.00%) -- Ticket Income $480,000
Level 2 -- Attendance: 4372 (87.44%) -- Ticket Income $218,600
Level 3 -- Attendance: 2000 (100.00%) -- Ticket Income $56,000
Level 4 -- Attendance: 4000 (100.00%) -- Ticket Income $60,000
Luxury Box -- Attendance: 1000 (100.00%) -- Ticket Income $175,000
Game was played at the Pengrowth Saddledome.
Total Attendance: 17372 (96.51%)
Total Ticket Income: $989,600
Other Income: $484,904
Total Income: $1,474,504

Predators

5 vs 5 Forward 
   Center                   Left Wing                Right Wing               Time % Phy DF OF 
 1 Patrice Bergeron         Valtteri Filppula        Nikolay Kulemin          28     0   2  3  
 2 Zemgus Girgensons        Evander Kane             Andrew Cogliano          28     1   2  2  
 3 Tomas Plekanec           Daniel Sedin             Eric Fehr                28     0   2  3  
 4 Marcus Kruger            Tomas Hertl              Cal Clutterbuck          16     1   3  1  

5 vs 5 Defense 
   Defense                  Defense                                           Time % Phy DF OF 
 1 Roman Josi               Trevor Daley                                      32     0   4  1  
 2 Danny DeKeyser           Matt Niskanen                                     32     0   4  1  
 3 Dan Boyle                Nick Schultz                                      20     0   4  1  
 4 Roman Josi               Matt Niskanen                                     16     0   4  1  

PowerPlay Forward 
   Center                   Left Wing                Right Wing               Time % Phy DF OF 
 1 Tomas Plekanec           Daniel Sedin             Valtteri Filppula        50     0   0  5  
 2 Patrice Bergeron         Evander Kane             Zemgus Girgensons        50     0   1  4  

PowerPlay Defense
   Defense                  Defense                                           Time % Phy DF OF 
 1 Roman Josi               Trevor Daley                                      60     0   1  4  
 2 Matt Niskanen            Dan Boyle                                         40     0   1  4  

Penalty Kill 4 Players Forward 
   Center                   Wing                     Time % Phy DF OF 
 1 Marcus Kruger            Cal Clutterbuck          50     0   4  1  
 2 Eric Fehr                Andrew Cogliano          50     0   4  1  

Penalty Kill 4 Players Defense
   Defense                  Defense                  Time % Phy DF OF 
 1 Roman Josi               Matt Niskanen            55     0   4  1  
 2 Nick Schultz             Trevor Daley             45     0   4  1  

Penalty Kill - 3 Players Forward 
   Forward                                           Time % Phy DF OF 
 1 Marcus Kruger                                     55     0   5  0  
 2 Eric Fehr                                         45     0   5  0  

Penalty Kill - 3 Players Defense
   Defense                  Defense                  Time % Phy DF OF 
 1 Roman Josi               Matt Niskanen            55     0   5  0  
 2 Nick Schultz             Trevor Daley             45     0   5  0  

4 vs 4 Forward 
   Center                   Wing                     Time % Phy DF OF 
 1 Patrice Bergeron         Daniel Sedin             50     0   2  3  
 2 Tomas Plekanec           Valtteri Filppula        50     0   2  3  

4 vs 4 Defense
   Defense                  Defense                  Time % Phy DF OF 
 1 Roman Josi               Matt Niskanen            55     0   3  2  
 2 Danny DeKeyser           Trevor Daley             45     0   4  1  

Last Minutes Offensive
   Center                   Left Wing                Right Wing               Defense                  Defense                  
   Tomas Plekanec           Daniel Sedin             Valtteri Filppula        Roman Josi               Matt Niskanen            

Last Minutes Defensive
   Center                   Left Wing                Right Wing               Defense                  Defense                  
   Patrice Bergeron         Zemgus Girgensons        Andrew Cogliano          Roman Josi               Matt Niskanen            

Goaltenders
Starting : Roberto Luongo           
Backup : Jimmy Howard             

Extra Forwards
Normal : Patrice Bergeron, Valtteri Filppula, Daniel Sedin - PP : Tomas Hertl, Eric Fehr - PK : Tomas Plekanec
Extra Defensemen
Normal : Roman Josi, Matt Niskanen, Trevor Daley - PP : Danny DeKeyser - PK : Danny DeKeyser, Nick Schultz
Penalty Shots
Patrice Bergeron, Zemgus Girgensons, Eric Fehr, Roman Josi, Valtteri Filppula

Flames

5 vs 5 Forward 
   Center                   Left Wing                Right Wing               Time % Phy DF OF 
 1 Henrik Sedin             Jaden Schwartz           Martin St. Louis         28     0   1  4  
 2 Sean Monahan             Johnny Gaudreau          Jason Pominville         25     0   1  4  
 3 Jason Spezza             Chris Kunitz             Erik Cole                25     1   1  3  
 4 Antoine Vermette         Shane Doan               Brian Gionta             22     1   1  3  

5 vs 5 Defense 
   Defense                  Defense                                           Time % Phy DF OF 
 1 TJ Brodie                Ryan Murray                                       32     0   2  3  
 2 Kris Russell             Dougie Hamilton                                   30     0   2  3  
 3 Brian Campbell           David Savard                                      28     1   2  2  
 4 TJ Brodie                Dougie Hamilton                                   10     0   2  3  

PowerPlay Forward 
   Center                   Left Wing                Right Wing               Time % Phy DF OF 
 1 Jason Spezza             Jaden Schwartz           Jason Pominville         50     0   0  5  
 2 Sean Monahan             Johnny Gaudreau          Martin St. Louis         50     0   0  5  

PowerPlay Defense
   Defense                  Defense                                           Time % Phy DF OF 
 1 Brian Campbell           Dougie Hamilton                                   50     0   1  4  
 2 TJ Brodie                Ryan Murray                                       50     0   1  4  

Penalty Kill 4 Players Forward 
   Center                   Wing                     Time % Phy DF OF 
 1 Antoine Vermette         Brian Gionta             50     0   5  0  
 2 Henrik Sedin             Shane Doan               50     0   5  0  

Penalty Kill 4 Players Defense
   Defense                  Defense                  Time % Phy DF OF 
 1 TJ Brodie                David Savard             50     0   5  0  
 2 Kris Russell             Brian Campbell           50     0   5  0  

Penalty Kill - 3 Players Forward 
   Forward                                           Time % Phy DF OF 
 1 Henrik Sedin                                      50     0   5  0  
 2 Antoine Vermette                                  50     0   5  0  

Penalty Kill - 3 Players Defense
   Defense                  Defense                  Time % Phy DF OF 
 1 TJ Brodie                Brian Campbell           50     0   5  0  
 2 Kris Russell             David Savard             50     0   5  0  

4 vs 4 Forward 
   Center                   Wing                     Time % Phy DF OF 
 1 Henrik Sedin             Jaden Schwartz           50     0   2  3  
 2 Sean Monahan             Johnny Gaudreau          50     0   2  3  

4 vs 4 Defense
   Defense                  Defense                  Time % Phy DF OF 
 1 TJ Brodie                Dougie Hamilton          50     1   2  2  
 2 Kris Russell             Ryan Murray              50     1   2  2  

Last Minutes Offensive
   Center                   Left Wing                Right Wing               Defense                  Defense                  
   Henrik Sedin             Jaden Schwartz           Johnny Gaudreau          Kris Russell             Dougie Hamilton          

Last Minutes Defensive
   Center                   Left Wing                Right Wing               Defense                  Defense                  
   Antoine Vermette         Shane Doan               Brian Gionta             TJ Brodie                David Savard             

Goaltenders
Starting : Antti Niemi              
Backup : James Reimer             

Extra Forwards
Normal : Chris Kunitz, Shane Doan, Erik Cole - PP : Henrik Sedin, Chris Kunitz - PK : Erik Cole
Extra Defensemen
Normal : Brian Campbell, David Savard, Kris Russell - PP : Brian Campbell - PK : Dougie Hamilton, Brian Campbell
Penalty Shots
Chris Kunitz, Sean Monahan, Jason Pominville, Jason Spezza, Johnny Gaudreau

% Time on Ice - Predators

Lines # - Real PCT - Wanted PCT - Time Play
Normal Forward
1 - 28% - 28% - 11:57
2 - 27% - 28% - 11:11
3 - 23% - 28% - 9:41
4 - 22% - 16% - 9:19
Normal Defense
1 - 34% - 32% - 14:25
2 - 30% - 32% - 12:49
3 - 26% - 20% - 11:09
4 - 9% - 16% - 3:45
PP Forward
1 - 55% - 50% - 5:26
2 - 45% - 50% - 4:29
PP Defense
1 - 48% - 60% - 4:48
2 - 52% - 40% - 5:07
PK Forward
1 - 49% - 50% - 3:54
2 - 51% - 50% - 4:03
PK Defense
1 - 51% - 55% - 4:03
2 - 49% - 45% - 3:54
PK3 Forward
1 - 0% - 55%
2 - 0% - 45%
PK3 Defense
1 - 0% - 55%
2 - 0% - 45%
44 Forward
1 - 58% - 50% - 2:55
2 - 42% - 50% - 2:05
44 Defense
1 - 56% - 55% - 2:49
2 - 44% - 45% - 2:11
Last Minute Offensive  - 0:00
Last Minute Defensive  - 0:00
Total
Forward - 65:00
Defense - 65:00

% Time on Ice - Flames

Lines # - Real PCT - Wanted PCT - Time Play
Normal Forward
1 - 25% - 28% - 10:20
2 - 28% - 25% - 11:50
3 - 26% - 25% - 10:48
4 - 22% - 22% - 9:10
Normal Defense
1 - 29% - 32% - 12:13
2 - 31% - 30% - 13:14
3 - 31% - 28% - 12:59
4 - 9% - 10% - 3:42
PP Forward
1 - 49% - 50% - 3:55
2 - 51% - 50% - 4:02
PP Defense
1 - 45% - 50% - 3:36
2 - 55% - 50% - 4:21
PK Forward
1 - 48% - 50% - 4:48
2 - 52% - 50% - 5:07
PK Defense
1 - 62% - 50% - 6:08
2 - 38% - 50% - 3:47
PK3 Forward
1 - 0% - 50%
2 - 0% - 50%
PK3 Defense
1 - 0% - 50%
2 - 0% - 50%
44 Forward
1 - 44% - 50% - 2:11
2 - 56% - 50% - 2:49
44 Defense
1 - 62% - 50% - 3:05
2 - 38% - 50% - 1:55
Last Minute Offensive  - 0:00
Last Minute Defensive  - 0:00
Total
Forward - 65:00
Defense - 65:00

Play by Play

1st period


0:01 of 1st period - Patrice Bergeron wins face-off versus Martin St. Louis in neutral zone.
0:15 of 1st period - Snap shot by Jaden Schwartz.
0:15 of 1st period - Shot Misses the Net.
1:10 of 1st period - Wrist shot by Evander Kane.
1:10 of 1st period - Shot Misses the Net.
1:12 of 1st period - Snap shot by Evander Kane.
1:12 of 1st period - Stopped by Antti Niemi without a rebound.
1:13 of 1st period - Sean Monahan wins face-off versus Tomas Plekanec in Flames zone.
2:08 of 1st period - Snap shot by Tomas Hertl.
2:08 of 1st period - Stopped by Antti Niemi with a rebound.
2:10 of 1st period - Snap shot by Marcus Kruger.
2:10 of 1st period - Stopped by Antti Niemi with a rebound.
2:12 of 1st period - Slapshot by Matt Niskanen.
2:12 of 1st period - Shot Misses the Net.
2:14 of 1st period - Wrist shot by Cal Clutterbuck.
2:14 of 1st period - Stopped by Antti Niemi with a rebound.
2:16 of 1st period - Slapshot by Danny DeKeyser.
2:16 of 1st period - Shot Misses the Net.
2:18 of 1st period - Slapshot by Matt Niskanen.
2:18 of 1st period - Stopped by Antti Niemi with a rebound.
2:20 of 1st period - Snap shot by Marcus Kruger.
2:20 of 1st period - Stopped by Antti Niemi with a rebound.
2:22 of 1st period - Slapshot by Danny DeKeyser.
2:22 of 1st period - Shot Blocked by Erik Cole.
2:24 of 1st period - Slapshot by Danny DeKeyser.
2:24 of 1st period - Shot Misses the Net.
2:32 of 1st period - Snap shot by Marcus Kruger.
2:32 of 1st period - Shot Misses the Net.
4:31 of 1st period - Wrist shot by Tomas Plekanec.
4:31 of 1st period - Goal by Tomas Plekanec - Predators : 1 - Flames : 0.
4:32 of 1st period - Zemgus Girgensons wins face-off versus Chris Kunitz in neutral zone.
4:48 of 1st period - Snap shot by Zemgus Girgensons.
4:48 of 1st period - Shot Misses the Net.
6:13 of 1st period - Wrist shot by Daniel Sedin.
6:13 of 1st period - Deflect By Jaden Schwartz.
6:13 of 1st period - Shot Blocked by David Savard.
6:13 of 1st period - Puck is out of play.
6:14 of 1st period - Marcus Kruger wins face-off versus Sean Monahan in Flames zone.
6:41 of 1st period - Snap shot by Jason Pominville.
6:41 of 1st period - Stopped by Roberto Luongo with a rebound.
6:43 of 1st period - Slapshot by Kris Russell.
6:43 of 1st period - Shot Misses the Net.
6:51 of 1st period - Snap shot by Jason Pominville.
6:51 of 1st period - Shot Misses the Net.
8:03 of 1st period - Wrist shot by Chris Kunitz.
8:03 of 1st period - Shot Blocked by Danny DeKeyser.
8:05 of 1st period - Snap shot by David Savard.
8:05 of 1st period - Shot Blocked by Cal Clutterbuck.
8:07 of 1st period - Snap shot by Chris Kunitz.
8:07 of 1st period - Shot Misses the Net.
8:09 of 1st period - Snap shot by Erik Cole.
8:09 of 1st period - Shot Blocked by Danny DeKeyser.
8:11 of 1st period - Slapshot by Brian Campbell.
8:11 of 1st period - Shot Blocked by Danny DeKeyser.
8:35 of 1st period - Roman Josi is hit by David Savard and loses puck.
9:29 of 1st period - Antoine Vermette is hit by Dan Boyle and loses puck.
9:38 of 1st period - Snap shot by Daniel Sedin.
9:38 of 1st period - Stopped by Antti Niemi with a rebound.
9:45 of 1st period - Double Minor Penalty to Eric Fehr for Roughing.
9:46 of 1st period - Jason Spezza wins face-off versus Tomas Plekanec in Predators zone.
9:47 of 1st period - Wrist shot by Jaden Schwartz.
9:47 of 1st period - Shot Misses the Net.
10:05 of 1st period - Wrist shot by Jason Spezza.
10:05 of 1st period - Shot Blocked by Andrew Cogliano.
10:07 of 1st period - Backhand shot by Jaden Schwartz.
10:07 of 1st period - Shot Misses the Net.
10:21 of 1st period - Jaden Schwartz is hit by Nick Schultz and loses puck.
11:00 of 1st period - Roman Josi is hit by Ryan Murray and loses puck.
11:50 of 1st period - Roman Josi is hit by Martin St. Louis and loses puck.
12:05 of 1st period - Snap shot by Jaden Schwartz.
12:05 of 1st period - Stopped by Roberto Luongo with a rebound.
12:48 of 1st period - Brian Campbell is hit by Marcus Kruger and loses puck.
12:53 of 1st period - Wrist shot by Marcus Kruger.
12:53 of 1st period - Stopped by Antti Niemi without a rebound.
12:54 of 1st period - Jason Spezza wins face-off versus Marcus Kruger in Flames zone.
13:17 of 1st period - Matt Niskanen is hit by Ryan Murray and loses puck.
13:36 of 1st period - Daniel Sedin is hit by TJ Brodie and loses puck.
13:45 of 1st period - Penalty to Eric Fehr is over, Eric Fehr is back on ice.
13:55 of 1st period - Snap shot by Antoine Vermette.
13:55 of 1st period - Deflect By Brian Gionta.
13:55 of 1st period - Stopped by Roberto Luongo with a rebound.
13:57 of 1st period - Wrist shot by Ryan Murray.
13:57 of 1st period - Shot Blocked by Matt Niskanen.
14:03 of 1st period - Snap shot by Antoine Vermette.
14:03 of 1st period - Goal by Antoine Vermette - Predators : 1 - Flames : 1.
14:04 of 1st period - Antoine Vermette wins face-off versus Patrice Bergeron in neutral zone.
14:07 of 1st period - Nick Schultz is hit by Shane Doan and loses puck.
14:27 of 1st period - Wrist shot by Patrice Bergeron.
14:27 of 1st period - Shot Hit the Post.
14:29 of 1st period - Slapshot by Patrice Bergeron.
14:29 of 1st period - Shot Blocked by Brian Campbell.
14:31 of 1st period - Slapshot by Dan Boyle.
14:31 of 1st period - Shot Blocked by David Savard.
15:03 of 1st period - Chris Kunitz is hit by Trevor Daley and loses puck.
15:18 of 1st period - Slapshot by Chris Kunitz.
15:18 of 1st period - Stopped by Roberto Luongo without a rebound.
15:19 of 1st period - Andrew Cogliano wins face-off versus Henrik Sedin in Predators zone.
15:24 of 1st period - Wrist shot by Zemgus Girgensons.
15:24 of 1st period - Stopped by Antti Niemi with a rebound.
15:32 of 1st period - Wrist shot by Evander Kane.
15:32 of 1st period - Stopped by Antti Niemi without a rebound.
15:33 of 1st period - Henrik Sedin wins face-off versus Zemgus Girgensons in Flames zone.
15:56 of 1st period - Snap shot by Evander Kane.
15:56 of 1st period - Shot Blocked by Dougie Hamilton.
15:58 of 1st period - Slapshot by Nick Schultz.
15:58 of 1st period - Stopped by Antti Niemi without a rebound.
15:59 of 1st period - Jason Spezza wins face-off versus Patrice Bergeron in Flames zone.
16:44 of 1st period - Danny DeKeyser is hit by Jason Pominville and loses puck.
17:27 of 1st period - Trevor Daley is hit by Shane Doan and loses puck.
17:41 of 1st period - Wrist shot by Tomas Plekanec.
17:41 of 1st period - Shot Misses the Net.
17:43 of 1st period - Snap shot by Eric Fehr.
17:43 of 1st period - Stopped by Antti Niemi without a rebound.
17:44 of 1st period - Zemgus Girgensons wins face-off versus Henrik Sedin in Flames zone.
18:26 of 1st period - David Savard is hit by Zemgus Girgensons and loses puck.
18:39 of 1st period - Daniel Sedin is hit by Chris Kunitz and loses puck.
18:51 of 1st period - Snap shot by Jason Spezza.
18:51 of 1st period - Stopped by Roberto Luongo with a rebound.
18:53 of 1st period - Slapshot by Ryan Murray.
18:53 of 1st period - Stopped by Roberto Luongo with a rebound.
18:55 of 1st period - Slapshot by TJ Brodie.
18:55 of 1st period - Deflect By Erik Cole.
18:55 of 1st period - Stopped by Roberto Luongo with a rebound.
19:52 of 1st period - Trevor Daley is hit by Shane Doan and loses puck.
Goals for this period are 1 for Predators vs 1 for Flames.
Shots for this period are 13 for Predators vs 8 for Flames.

2nd period


0:01 of 2nd period - Patrice Bergeron wins face-off versus Martin St. Louis in neutral zone.
0:12 of 2nd period - Snap shot by Jaden Schwartz.
0:12 of 2nd period - Stopped by Roberto Luongo without a rebound.
0:13 of 2nd period - Patrice Bergeron wins face-off versus Henrik Sedin in Predators zone.
0:22 of 2nd period - Wrist shot by Valtteri Filppula.
0:22 of 2nd period - Stopped by Antti Niemi with a rebound.
0:59 of 2nd period - Slapshot by Jason Spezza.
0:59 of 2nd period - Deflect By Chris Kunitz.
0:59 of 2nd period - Shot Misses the Net.
0:59 of 2nd period - Puck is out of play.
1:00 of 2nd period - Zemgus Girgensons wins face-off versus Jason Spezza in Predators zone.
1:00 of 2nd period - Zemgus Girgensons is hit by Chris Kunitz.
1:53 of 2nd period - David Savard is hit by Matt Niskanen.
2:06 of 2nd period - Brian Campbell is hit by Tomas Plekanec and loses puck.
3:35 of 2nd period - Snap shot by Valtteri Filppula.
3:35 of 2nd period - Shot Misses the Net.
3:37 of 2nd period - Slapshot by Nick Schultz.
3:37 of 2nd period - Stopped by Antti Niemi without a rebound.
3:38 of 2nd period - Zemgus Girgensons wins face-off versus Erik Cole in Flames zone.
3:39 of 2nd period - Wrist shot by Evander Kane.
3:39 of 2nd period - Stopped by Antti Niemi with a rebound.
3:41 of 2nd period - Snap shot by Andrew Cogliano.
3:41 of 2nd period - Shot Misses the Net.
3:43 of 2nd period - Wrist shot by Zemgus Girgensons.
3:43 of 2nd period - Stopped by Antti Niemi without a rebound.
3:44 of 2nd period - Jason Spezza wins face-off versus Zemgus Girgensons in Flames zone.
3:57 of 2nd period - Andrew Cogliano is hit by Chris Kunitz and loses puck.
4:18 of 2nd period - Dougie Hamilton is hit by Evander Kane and loses puck.
4:27 of 2nd period - Dougie Hamilton is hit by Evander Kane and loses puck.
4:49 of 2nd period - Snap shot by Daniel Sedin.
4:49 of 2nd period - Shot Blocked by Erik Cole.
4:52 of 2nd period - Icing by Erik Cole.
4:53 of 2nd period - Jason Spezza wins face-off versus Patrice Bergeron in Flames zone.
5:09 of 2nd period - Icing by Roman Josi.
5:10 of 2nd period - Patrice Bergeron wins face-off versus Henrik Sedin in Predators zone.
6:09 of 2nd period - Slapshot by Jason Pominville.
6:09 of 2nd period - Stopped by Roberto Luongo with a rebound.
6:11 of 2nd period - Snap shot by Sean Monahan.
6:11 of 2nd period - Shot Blocked by Trevor Daley.
6:13 of 2nd period - Wrist shot by Johnny Gaudreau.
6:13 of 2nd period - Shot Blocked by Trevor Daley.
6:15 of 2nd period - Wrist shot by Sean Monahan.
6:15 of 2nd period - Stopped by Roberto Luongo with a rebound.
6:50 of 2nd period - Wrist shot by Antoine Vermette.
6:50 of 2nd period - Shot Misses the Net.
6:52 of 2nd period - Slapshot by Kris Russell.
6:52 of 2nd period - Shot Blocked by Tomas Plekanec.
6:54 of 2nd period - Wrist shot by Brian Gionta.
6:54 of 2nd period - Shot Misses the Net.
6:56 of 2nd period - Snap shot by Antoine Vermette.
6:56 of 2nd period - Stopped by Roberto Luongo with a rebound.
6:58 of 2nd period - Wrist shot by Shane Doan.
6:58 of 2nd period - Shot Blocked by Tomas Plekanec.
7:00 of 2nd period - Slapshot by Kris Russell.
7:00 of 2nd period - Stopped by Roberto Luongo with a rebound.
7:02 of 2nd period - Slapshot by Dougie Hamilton.
7:02 of 2nd period - Stopped by Roberto Luongo with a rebound.
7:04 of 2nd period - Snap shot by Shane Doan.
7:04 of 2nd period - Shot Blocked by Roman Josi.
7:06 of 2nd period - Slapshot by Kris Russell.
7:06 of 2nd period - Deflect By Shane Doan.
7:06 of 2nd period - Goal by Shane Doan - Predators : 1 - Flames : 2.
7:07 of 2nd period - Henrik Sedin wins face-off versus Zemgus Girgensons in neutral zone.
7:21 of 2nd period - Icing by Andrew Cogliano.
7:22 of 2nd period - Henrik Sedin wins face-off versus Zemgus Girgensons in Predators zone.
7:24 of 2nd period - Minor Penalty to TJ Brodie for Hooking.
7:25 of 2nd period - Patrice Bergeron wins face-off versus Antoine Vermette in Flames zone.
7:50 of 2nd period - Icing by Patrice Bergeron.
7:51 of 2nd period - Henrik Sedin wins face-off versus Patrice Bergeron in Predators zone.
8:40 of 2nd period - David Savard is hit by Tomas Plekanec and loses puck.
9:24 of 2nd period - Penalty to TJ Brodie is over, TJ Brodie is back on ice.
9:28 of 2nd period - Icing by Tomas Plekanec.
9:29 of 2nd period - Sean Monahan wins face-off versus Tomas Plekanec in Predators zone.
10:45 of 2nd period - Andrew Cogliano is hit by Erik Cole and loses puck.
11:04 of 2nd period - Snap shot by Jaden Schwartz.
11:04 of 2nd period - Shot Misses the Net.
11:26 of 2nd period - Snap shot by Martin St. Louis.
11:26 of 2nd period - Shot Blocked by Evander Kane.
11:28 of 2nd period - Slapshot by Brian Campbell.
11:28 of 2nd period - Stopped by Roberto Luongo with a rebound.
12:18 of 2nd period - Snap shot by Johnny Gaudreau.
12:18 of 2nd period - Shot Blocked by Nick Schultz.
14:10 of 2nd period - Snap shot by Daniel Sedin.
14:10 of 2nd period - Shot Misses the Net.
14:38 of 2nd period - Snap shot by Jason Pominville.
14:38 of 2nd period - Stopped by Roberto Luongo with a rebound.
14:40 of 2nd period - Slapshot by TJ Brodie.
14:40 of 2nd period - Deflect By Jason Pominville.
14:40 of 2nd period - Stopped by Roberto Luongo with a rebound.
14:42 of 2nd period - Slapshot by TJ Brodie.
14:42 of 2nd period - Stopped by Roberto Luongo with a rebound.
14:44 of 2nd period - Slapshot by TJ Brodie.
14:44 of 2nd period - Stopped by Roberto Luongo without a rebound.
14:45 of 2nd period - Jason Spezza wins face-off versus Patrice Bergeron in Predators zone.
15:06 of 2nd period - Slapshot by Patrice Bergeron.
15:06 of 2nd period - Shot Misses the Net.
15:08 of 2nd period - Backhand shot by Valtteri Filppula.
15:08 of 2nd period - Stopped by Antti Niemi with a rebound.
15:10 of 2nd period - Snap shot by Nikolay Kulemin.
15:10 of 2nd period - Stopped by Antti Niemi with a rebound.
15:16 of 2nd period - Minor Penalty to Ryan Murray for Hooking.
15:17 of 2nd period - Tomas Plekanec wins face-off versus Henrik Sedin in Flames zone.
15:38 of 2nd period - Slapshot by Daniel Sedin.
15:38 of 2nd period - Shot Blocked by Kris Russell.
15:40 of 2nd period - Wrist shot by Tomas Plekanec.
15:40 of 2nd period - Deflect By Daniel Sedin.
15:40 of 2nd period - Shot Blocked by Kris Russell.
15:40 of 2nd period - Puck is out of play.
15:41 of 2nd period - Antoine Vermette wins face-off versus Tomas Plekanec in Flames zone.
15:56 of 2nd period - David Savard is hit by Valtteri Filppula and loses puck.
16:19 of 2nd period - Snap shot by Valtteri Filppula.
16:19 of 2nd period - Deflect By Daniel Sedin.
16:19 of 2nd period - Shot Blocked by Antoine Vermette.
16:19 of 2nd period - Puck is out of play.
16:20 of 2nd period - Henrik Sedin wins face-off versus Tomas Plekanec in Flames zone.
17:05 of 2nd period - Slapshot by Patrice Bergeron.
17:05 of 2nd period - Stopped by Antti Niemi without a rebound.
17:06 of 2nd period - Antoine Vermette wins face-off versus Patrice Bergeron in Flames zone.
17:06 of 2nd period - Antoine Vermette is hit by Zemgus Girgensons.
17:16 of 2nd period - Penalty to Ryan Murray is over, Ryan Murray is back on ice.
18:12 of 2nd period - Slapshot by Johnny Gaudreau.
18:12 of 2nd period - Stopped by Roberto Luongo with a rebound.
18:14 of 2nd period - Wrist shot by Johnny Gaudreau.
18:14 of 2nd period - Shot Blocked by Tomas Hertl.
18:20 of 2nd period - Minor Penalty to Cal Clutterbuck for Hooking.
18:21 of 2nd period - Andrew Cogliano wins face-off versus Jason Spezza in Predators zone.
19:04 of 2nd period - Slapshot by Martin St. Louis.
19:04 of 2nd period - Shot Misses the Net.
19:06 of 2nd period - Slapshot by Brian Campbell.
19:06 of 2nd period - Shot Misses the Net.
19:24 of 2nd period - Slapshot by Johnny Gaudreau.
19:24 of 2nd period - Shot Blocked by Tomas Plekanec.
19:26 of 2nd period - Slapshot by TJ Brodie.
19:26 of 2nd period - Stopped by Roberto Luongo with a rebound.
Goals for this period are 0 for Predators vs 1 for Flames.
Shots for this period are 7 for Predators vs 14 for Flames.

3rd period


0:01 of 3rd period - Tomas Plekanec wins face-off versus Sean Monahan in neutral zone.
0:20 of 3rd period - Penalty to Cal Clutterbuck is over, Cal Clutterbuck is back on ice.
0:47 of 3rd period - Antoine Vermette is hit by Patrice Bergeron and loses puck.
0:58 of 3rd period - Wrist shot by Valtteri Filppula.
0:58 of 3rd period - Shot Misses the Net.
1:17 of 3rd period - Andrew Cogliano is hit by Brian Gionta and loses puck.
1:46 of 3rd period - Minor Penalty to Dougie Hamilton for Interference.
1:47 of 3rd period - Henrik Sedin wins face-off versus Tomas Plekanec in Flames zone.
2:00 of 3rd period - Wrist shot by Valtteri Filppula.
2:00 of 3rd period - Shot Misses the Net.
3:13 of 3rd period - David Savard is hit by Valtteri Filppula and loses puck.
3:32 of 3rd period - Wrist shot by Evander Kane.
3:32 of 3rd period - Shot Blocked by David Savard.
3:34 of 3rd period - Wrist shot by Evander Kane.
3:34 of 3rd period - Deflect By Zemgus Girgensons.
3:34 of 3rd period - Stopped by Antti Niemi with a rebound.
3:36 of 3rd period - Wrist shot by Zemgus Girgensons.
3:36 of 3rd period - Deflect By Patrice Bergeron.
3:36 of 3rd period - Shot Misses the Net.
3:36 of 3rd period - Puck is out of play.
3:37 of 3rd period - Patrice Bergeron wins face-off versus Brian Gionta in Flames zone.
3:46 of 3rd period - Penalty to Dougie Hamilton is over, Dougie Hamilton is back on ice.
4:10 of 3rd period - Slapshot by Jason Pominville.
4:10 of 3rd period - Shot Blocked by Trevor Daley.
4:38 of 3rd period - Wrist shot by Tomas Hertl.
4:38 of 3rd period - Stopped by Antti Niemi without a rebound.
4:39 of 3rd period - Jason Spezza wins face-off versus Tomas Hertl in Flames zone.
4:56 of 3rd period - Snap shot by Tomas Hertl.
4:56 of 3rd period - Deflect By Kris Russell.
4:56 of 3rd period - Stopped by Antti Niemi without a rebound.
4:57 of 3rd period - Zemgus Girgensons wins face-off versus Jason Spezza in Flames zone.
5:11 of 3rd period - Snap shot by Evander Kane.
5:11 of 3rd period - Goal by Evander Kane - Predators : 2 - Flames : 2.
5:12 of 3rd period - Henrik Sedin wins face-off versus Marcus Kruger in neutral zone.
5:25 of 3rd period - Snap shot by Henrik Sedin.
5:25 of 3rd period - Shot Misses the Net.
5:37 of 3rd period - Wrist shot by Henrik Sedin.
5:37 of 3rd period - Stopped by Roberto Luongo without a rebound.
5:38 of 3rd period - Jason Spezza wins face-off versus Tomas Plekanec in Predators zone.
5:41 of 3rd period - Snap shot by Chris Kunitz.
5:41 of 3rd period - Shot Misses the Net.
6:39 of 3rd period - Minor Penalty to Erik Cole for Hooking.
6:40 of 3rd period - Antoine Vermette wins face-off versus Patrice Bergeron in Flames zone.
6:56 of 3rd period - Wrist shot by Evander Kane.
6:56 of 3rd period - Stopped by Antti Niemi with a rebound.
6:58 of 3rd period - Snap shot by Evander Kane.
6:58 of 3rd period - Shot Blocked by Kris Russell.
7:00 of 3rd period - Slapshot by Matt Niskanen.
7:00 of 3rd period - Stopped by Antti Niemi with a rebound.
7:02 of 3rd period - Snap shot by Evander Kane.
7:02 of 3rd period - Stopped by Antti Niemi with a rebound.
7:04 of 3rd period - Slapshot by Matt Niskanen.
7:04 of 3rd period - Stopped by Antti Niemi without a rebound.
7:05 of 3rd period - Henrik Sedin wins face-off versus Tomas Plekanec in Flames zone.
7:58 of 3rd period - Henrik Sedin is hit by Evander Kane and loses puck.
8:39 of 3rd period - Penalty to Erik Cole is over, Erik Cole is back on ice.
8:49 of 3rd period - Jason Pominville is hit by Matt Niskanen and loses puck.
9:04 of 3rd period - Dougie Hamilton is hit by Trevor Daley and loses puck.
9:09 of 3rd period - Snap shot by Tomas Hertl.
9:09 of 3rd period - Shot Blocked by Kris Russell.
9:11 of 3rd period - Backhand shot by Roman Josi.
9:11 of 3rd period - Shot Misses the Net.
9:30 of 3rd period - TJ Brodie is hit by Evander Kane and loses puck.
9:47 of 3rd period - Minor Penalty to Ryan Murray for Tripping.
9:48 of 3rd period - Antoine Vermette wins face-off versus Tomas Plekanec in Flames zone.
10:18 of 3rd period - Brian Campbell is hit by Roman Josi and loses puck.
10:32 of 3rd period - Off-side.
10:33 of 3rd period - Patrice Bergeron wins face-off versus Henrik Sedin in neutral zone.
11:13 of 3rd period - David Savard is hit by Valtteri Filppula and loses puck.
11:47 of 3rd period - Penalty to Ryan Murray is over, Ryan Murray is back on ice.
12:14 of 3rd period - Snap shot by Marcus Kruger.
12:14 of 3rd period - Shot Blocked by Kris Russell.
12:24 of 3rd period - Ryan Murray is hit by Tomas Hertl and loses puck.
13:08 of 3rd period - Wrist shot by Chris Kunitz.
13:08 of 3rd period - Goal by Chris Kunitz - Predators : 2 - Flames : 3.
13:09 of 3rd period - Sean Monahan wins face-off versus Patrice Bergeron in neutral zone.
13:19 of 3rd period - TJ Brodie is hit by Valtteri Filppula and loses puck.
13:28 of 3rd period - Icing by TJ Brodie.
13:29 of 3rd period - Sean Monahan wins face-off versus Nikolay Kulemin in Flames zone.
14:08 of 3rd period - Tomas Plekanec is hit by Dougie Hamilton and loses puck.
14:23 of 3rd period - Wrist shot by Jason Spezza.
14:23 of 3rd period - Shot Misses the Net.
15:17 of 3rd period - Minor Penalty to Matt Niskanen for Hooking.
15:18 of 3rd period - Marcus Kruger wins face-off versus Sean Monahan in Predators zone.
16:35 of 3rd period - Trevor Daley is hit by Jason Pominville and loses puck.
16:59 of 3rd period - Trevor Daley is hit by Martin St. Louis.
17:17 of 3rd period - Penalty to Matt Niskanen is over, Matt Niskanen is back on ice.
17:29 of 3rd period - Wrist shot by Tomas Plekanec.
17:29 of 3rd period - Shot Blocked by Jason Pominville.
17:31 of 3rd period - Slapshot by Andrew Cogliano.
17:31 of 3rd period - Shot Blocked by Ryan Murray.
17:33 of 3rd period - Backhand shot by Matt Niskanen.
17:33 of 3rd period - Stopped by Antti Niemi with a rebound.
18:06 of 3rd period - Patrice Bergeron is hit by Shane Doan and loses puck.
18:25 of 3rd period - Wrist shot by Antoine Vermette.
18:25 of 3rd period - Shot Misses the Net.
18:33 of 3rd period - Predators, Roberto Luongo is pulled from the net.
18:33 of 3rd period - Snap shot by Evander Kane.
18:33 of 3rd period - Deflect By Zemgus Girgensons.
18:33 of 3rd period - Shot Misses the Net.
18:33 of 3rd period - Puck is out of play.
18:34 of 3rd period - Zemgus Girgensons wins face-off versus Jason Spezza in Flames zone.
18:41 of 3rd period - Wrist shot by Evander Kane.
18:41 of 3rd period - Goal by Evander Kane - Predators : 3 - Flames : 3.
18:41 of 3rd period - Roberto Luongo from Predators was sent back in the game.
18:42 of 3rd period - Henrik Sedin wins face-off versus Marcus Kruger in neutral zone.
18:47 of 3rd period - Tomas Hertl is hit by David Savard.
18:53 of 3rd period - Slapshot by Henrik Sedin.
18:53 of 3rd period - Shot Misses the Net.
18:55 of 3rd period - Snap shot by Martin St. Louis.
18:55 of 3rd period - Stopped by Roberto Luongo with a rebound.
18:57 of 3rd period - Backhand shot by Jaden Schwartz.
18:57 of 3rd period - Stopped by Roberto Luongo with a rebound.
18:59 of 3rd period - Wrist shot by Martin St. Louis.
18:59 of 3rd period - Shot Blocked by Trevor Daley.
Goals for this period are 2 for Predators vs 1 for Flames.
Shots for this period are 10 for Predators vs 4 for Flames.

Overtime #1


0:01 of 1st overtime period - Patrice Bergeron wins face-off versus Henrik Sedin in neutral zone.
0:53 of 1st overtime period - Valtteri Filppula is hit by Dougie Hamilton and loses puck.
1:00 of 1st overtime period - Tomas Plekanec is hit by TJ Brodie and loses puck.
1:07 of 1st overtime period - Wrist shot by Sean Monahan.
1:07 of 1st overtime period - Shot Misses the Net.
1:09 of 1st overtime period - Snap shot by Ryan Murray.
1:09 of 1st overtime period - Shot Misses the Net.
1:11 of 1st overtime period - Slapshot by Ryan Murray.
1:11 of 1st overtime period - Stopped by Roberto Luongo with a rebound.
1:13 of 1st overtime period - Snap shot by Ryan Murray.
1:13 of 1st overtime period - Stopped by Roberto Luongo with a rebound.
1:15 of 1st overtime period - Backhand shot by Ryan Murray.
1:15 of 1st overtime period - Stopped by Roberto Luongo without a rebound.
1:16 of 1st overtime period - Tomas Plekanec wins face-off versus Henrik Sedin in Predators zone.
2:49 of 1st overtime period - Sean Monahan is hit by Matt Niskanen.
Goals for this period are 0 for Predators vs 0 for Flames.
Shots for this period are 0 for Predators vs 3 for Flames.

ShootOut


5:00 of 1st overtime period - Penalty Shot by Patrice Bergeron for Predators.
5:00 of 1st overtime period - Deke by Patrice Bergeron.
5:00 of 1st overtime period - Goal by Patrice Bergeron.
5:00 of 1st overtime period - Penalty Shot by Chris Kunitz for Flames.
5:00 of 1st overtime period - Snap shot by Chris Kunitz.
5:00 of 1st overtime period - Stopped by Roberto Luongo.
5:00 of 1st overtime period - Penalty Shot by Zemgus Girgensons for Predators.
5:00 of 1st overtime period - Snap shot by Zemgus Girgensons.
5:00 of 1st overtime period - Stopped by Antti Niemi.
5:00 of 1st overtime period - Penalty Shot by Sean Monahan for Flames.
5:00 of 1st overtime period - Backhand shot by Sean Monahan.
5:00 of 1st overtime period - Stopped by Roberto Luongo.
5:00 of 1st overtime period - Penalty Shot by Eric Fehr for Predators.
5:00 of 1st overtime period - Snap shot by Eric Fehr.
5:00 of 1st overtime period - Shot Misses the Net.
5:00 of 1st overtime period - Penalty Shot by Jason Pominville for Flames.
5:00 of 1st overtime period - Snap shot by Jason Pominville.
5:00 of 1st overtime period - Stopped by Roberto Luongo.